 Dungeon Crawl Stone Soup version 0.23-a0-299-g9a66eeb (webtiles) character file.

12028 DapperDogman the Blocker (level 12, -2/81 HPs)
             Began as a Formicid Fighter on Oct 7, 2018.
             Was a Believer of Makhleb.
             Killed from afar by a rime drake (16 damage)
             ... with a flash freeze
             ... on level 2 of the Lair of Beasts.
             The game lasted 00:29:38 (10920 turns).

DapperDogman the Blocker (Formicid Fighter)        Turns: 10920, Time: 00:29:39

Health: -2/81      AC: 14    Str: 37    XL:     12   Next: 15%
Magic:  12/12      EV:  8    Int:  7    God:    Makhleb [**....]
Gold:   497        SH: 18    Dex: 10    Spells: 11/11 levels left

rFire    . . .     SeeInvis +   a - +4 long sword
rCold    . . .     Gourm    .   c - +3 shield
rNeg     . . .     Faith    .   d - +0 plate armour
rPois    .         Spirit   .   (helmet unavailable)
rElec    .         Reflect  .   p - +0 cloak
rCorr    .         Harm     .   m - +0 pair of gloves
MR       +....                  h - +0 pair of boots
Stlth    ..........             (no amulet)
HPRegen  0.23/turn              j - +3 ring of strength
MPRegen  0.13/turn              v - ring of flight

@: mighty
A: permanent stasis, dig shafts and tunnels, four strong arms, antennae 3, beak,
strong 1
a: Dig, Shaft Self, Minor Destruction, Renounce Religion, Evoke Flight


You were on level 2 of the Lair of Beasts.
You worshipped Makhleb.
Makhleb was pleased with you.
You were not hungry.

You visited 3 branches of the dungeon, and saw 12 of its levels.
You also visited: Sewer and Ossuary.

You collected 497 gold pieces.

Inventory:

Hand Weapons
 a - a +4 long sword (weapon)
 q - the +9 dagger of Qazlal's Outrage {pierce, -Tele rElec rN+ Int+6}
   (You found it on level 5 of the Dungeon)

   It inflicts extra damage upon your enemies.
   It affects your intelligence (+6).
   It insulates you from electricity.
   It protects you from negative energy.
   It prevents most forms of teleportation.
 B - a +1 great mace of protection
Missiles
 w - 4 javelins (quivered)
 y - a throwing net
 H - 3 tomahawks
Armour
 b - a +0 scale mail
 c - a +3 shield (worn)
 d - a +0 plate armour (worn)
 h - a +0 pair of boots (worn)
 m - a +0 pair of gloves (worn)
 p - a +0 cloak (worn)
Jewellery
 j - a +3 ring of strength (left hand)
 v - a ring of flight (right hand)
Wands
 k - a wand of disintegration (18)
 u - a wand of polymorph (14)
 E - a wand of paralysis (26)
 G - a wand of iceblast (9)
Scrolls
 l - 2 scrolls of fear
 o - a scroll of enchant weapon
 x - a scroll of acquirement {unknown}
 z - 2 scrolls of remove curse
 D - 2 scrolls of magic mapping
 F - a scroll of amnesia
 I - a scroll of brand weapon {unknown}
Potions
 e - a potion of flight
 i - 7 potions of brilliance
 n - 2 potions of invisibility
 r - a potion of mutation
 s - 2 potions of magic
 t - 5 potions of lignification
 C - a potion of cancellation
Comestibles
 f - 9 rations


   Skills:
 - Level 3.3 Fighting
 - Level 11.9 Long Blades
 * Level 8.4 Maces & Flails
 - Level 3.3 Armour
 + Level 13.6 Shields


You had 11 spell levels left.
You didn't know any spells.
Your spell library contained the following spells:

 Spells                   Type           Power        Failure   Level  Hunger
 Corona                   Hex            #......      97%         1    ##.....
 Summon Small Mammal      Summ           #...         97%         1    ##.....
 Call Imp                 Summ           #.......     99%         2    ###....
 Ensorcelled Hibernation  Hex/Ice        #.....       99%         2    ###....
 Call Canine Familiar     Summ           #.......     100%        3    ####...
 Confuse                  Hex            #.......     100%        3    ####...
 Dazzling Spray           Conj/Hex       #.....       100%        3    ####...
 Summon Guardian Golem    Hex/Summ       #.......     100%        3    ####...
 Tukima's Dance           Hex            #.......     100%        3    ####...
 Summon Ice Beast         Ice/Summ       #.......     100%        4    #####..
 Summon Lightning Spire   Summ/Air       #.......     100%        4    #####..


Dungeon Overview and Level Annotations

Branches:
Dungeon (9/15)             Temple (1/1) D:7            Lair (2/6) D:8
  Swamp: Lair:2-4    Shoals: Lair:2-4     Snake: Lair:2-4    Spider: Lair:2-4
    Orc: D:9-12

Altars:
Ashenzari
Cheibriados
Dithmenos
Elyvilon
Fedhas
Gozag
Hepliaklqana
Kikubaaqudgha
Makhleb
Nemelex Xobeh
Okawaru
Qazlal
Ru
Sif Muna
Trog
Uskayaw
Vehumet
Wu Jian
Xom
Zin

Shops:
D:7 *

Annotations:
D:7 Acquirement - 572 gold
Lair:2 Urug


Innate Abilities, Weirdness & Mutations

You cannot be hasted, slowed, berserked, paralysed or teleported.
You can dig through walls and to a lower floor.
Your four strong arms can wield two-handed weapons with a shield.
You have a pair of large antennae on your head. (SInv)
You have a beak for a mouth.
Your muscles are strong. (Str +2)


Message History

The rime drake breathes ice at you. The flash freeze hits you!
* * * LOW HITPOINT WARNING * * *
You are encased in ice.
The steam dragon bites you but does no damage.
The steam dragon claws you.
* * * LOW HITPOINT WARNING * * *
You hear an angry hiss.
You slice the steam dragon!!
You kill the steam dragon!
Makhleb accepts your kill.
You feel better. The steam dragon breathes steam at you.
The ball of steam hits you!
Okay, then.
The ice encasing you melts away.
The rime drake is engulfed in a cloud of scalding steam.
The rime drake breathes ice at you. The flash freeze hits you!
You die...

.......................
........................
.......................
....................#
.......§.##....#..###.#
###............†........
#.....§§§§§§....<......#
##....D§§§§§§...........#
#.....l§@§§§§...........#
.##....k#§................
......kk###†..............
..P.....#.#.†.............
.#.....o..........[..###.#
#..k.....D≈≈≈≈≈......# ..
.P........≈≈≈≈≈......
........{.≈≈≈≈≈.#...
....D.....≈≈≈≈≈.....


You could see a komodo dragon, a rime drake and a steam dragon.

Vanquished Creatures
  A hydra (Lair:1)
  The ghost of Isoivuar the Slicer, a novice DsFi of Uskayaw (Lair:1)
  3 spiny frogs (Lair:1)
  6 rime drakes (Lair:2)
  5 komodo dragons
  2 hippogriffs
  Sigmund (D:2)
  11 yaks (Lair:1)
  Menkaure (D:6)
  4 steam dragons (Lair:2)
  Duvessa (D:7)
  3 water moccasins (Lair:1)
  3 porcupines (Lair:1)
  An orc warrior (D:8)
  A sky beast (D:6)
  An ice beast (D:7)
  2 phantoms (D:6)
  5 ogres
  5 centaurs
  A crocodile (Lair:1)
  A big kobold (D:8)
  8 bullfrogs
  Dowan (D:7)
  2 scorpions
  4 killer bees (D:7)
  2 howler monkeys (D:8)
  4 crimson imps
  A centaur zombie (D:5)
  A bullfrog zombie (D:7)
  4 hounds
  An orc priest (D:3)
  4 orc wizards
  A centaur skeleton (D:6)
  Jessica (D:2)
  An iguana (D:4)
  7 worker ants
  A killer bee zombie (D:8)
  A hound zombie (D:5)
  A hound skeleton (D:5)
  12 mummies (Ossuary)
  A worker ant zombie (D:7)
  10 gnolls
  14 adders
  A river rat (D:6)
  An ooze (D:5)
  An adder skeleton (D:7)
  3 adder zombies
  2 worms
  3 dart slugs
  8 leopard geckos
  16 orcs
  6 bats
  6 giant cockroaches
  10 goblins
  6 hobgoblins
  10 jackals
  A quokka (D:2)
  4 ball pythons
  8 frilled lizards
  3 gnoll skeletons (Ossuary)
  3 goblin skeletons (Ossuary)
  18 kobolds
  A kobold skeleton (Ossuary)
  An orc skeleton (Ossuary)
  A quokka zombie (D:6)
  12 rats
  11 rat skeletons (Ossuary)
  2 fungi
  8 plants
287 creatures vanquished.

Vanquished Creatures (others)
  3 fungi
  2 plants (D:8)
5 creatures vanquished.

Grand Total: 292 creatures vanquished

Notes
Turn   | Place    | Note
-------+----------+-------------------------------------------
     0 | D:1      | DapperDogman the Formicid Fighter began the quest for the
                  | Orb.
     0 | D:1      | Reached XP level 1. HP: 18/18 MP: 1/1
   122 | D:1      | Reached skill level 4 in Shields
   122 | D:1      | Reached XP level 2. HP: 24/24 MP: 2/2
   476 | D:1      | Reached XP level 3. HP: 26/29 MP: 3/3
   933 | D:2      | Reached XP level 4. HP: 27/35 MP: 4/4
  1107 | D:2      | Noticed Jessica
  1123 | D:2      | Killed Jessica
  1123 | D:2      | Reached skill level 5 in Shields
  1207 | D:2      | Reached XP level 5. HP: 35/41 MP: 5/5
  1281 | D:2      | Noticed Sigmund
  1290 | D:2      | Killed Sigmund
  1290 | D:2      | Reached XP level 6. HP: 35/47 MP: 6/6
  1325 | D:2      | Reached skill level 5 in Long Blades
  1325 | D:2      | Reached skill level 6 in Shields
  1590 | D:2      | Found a shadowy altar of Dithmenos.
  1786 | D:3      | Found a glowing silver altar of Zin.
  2322 | D:3      | Found a snail-covered altar of Cheibriados.
  2324 | D:3      | Reached XP level 7. HP: 52/52 MP: 7/7
  2456 | D:4      | Found a sand-covered staircase.
  2655 | Ossuary  | Entered an ossuary
  3563 | D:4      | Reached XP level 8. HP: 51/58 MP: 8/8
  3874 | D:4      | Reached skill level 7 in Shields
  4095 | D:5      | Entered Level 5 of the Dungeon
  4097 | D:5      | Got a bloodstained dagger
  4101 | D:4      | Identified the +9 dagger of Qazlal's Outrage {pierce, -Tele
                  | rElec rN+ Int+6} (You found it on level 5 of the Dungeon)
  5043 | D:6      | Reached XP level 9. HP: 57/64 MP: 9/9
  5179 | D:6      | Reached skill level 8 in Shields
  5215 | D:6      | Found a glowing drain.
  5220 | Sewer    | Entered a sewer
  5916 | D:6      | Noticed Menkaure
  5928 | D:6      | Killed Menkaure
  5975 | D:6      | Reached skill level 10 in Long Blades
  6191 | D:6      | Found a white marble altar of Elyvilon.
  6382 | D:6      | Reached skill level 9 in Shields
  6720 | D:7      | Noticed Duvessa
  6720 | D:7      | Noticed Dowan
  6737 | D:7      | Killed Duvessa
  6741 | D:7      | Killed Dowan
  6744 | D:7      | Reached XP level 10. HP: 57/70 MP: 10/10
  6763 | D:7      | Reached skill level 10 in Shields
  7040 | D:7      | Found Qubbuiw's General Store.
  7092 | D:7      | Found a staircase to the Ecumenical Temple.
  7108 | Temple   | Entered the Ecumenical Temple
  7204 | Temple   | Became a worshipper of Makhleb the Destroyer
  7345 | D:8      | Found a staircase to the Lair.
  7638 | D:8      | Reached * piety under Makhleb
  8001 | D:8      | Gained mutation: Your muscles are strong. (Str +2) [potion
                  | of mutation]
  8001 | D:8      | Gained mutation: You have a beak for a mouth. [potion of
                  | mutation]
  8146 | Lair:1   | Entered Level 1 of the Lair of Beasts
  8146 | Lair:1   | Noticed a komodo dragon
  8146 | Lair:1   | Noticed a komodo dragon
  8157 | Lair:1   | Killed a komodo dragon
  8157 | Lair:1   | Reached skill level 11 in Shields
  8165 | Lair:1   | Killed a komodo dragon
  8363 | Lair:1   | Noticed a komodo dragon
  8376 | Lair:1   | Killed a komodo dragon
  8570 | Lair:1   | Noticed a spiny frog
  8580 | Lair:1   | Killed a spiny frog
  8741 | Lair:1   | Noticed a komodo dragon
  8755 | Lair:1   | Killed a komodo dragon
  8755 | Lair:1   | Reached skill level 1 in Maces & Flails
  8787 | Lair:1   | Reached skill level 12 in Shields
  8787 | Lair:1   | Reached XP level 11. HP: 63/75 MP: 11/11
  9196 | Lair:1   | Noticed a four-headed hydra
  9211 | Lair:1   | Killed a four-headed hydra
  9211 | Lair:1   | Reached skill level 5 in Maces & Flails
  9795 | Lair:1   | Reached ** piety under Makhleb
 10131 | Lair:1   | Reached skill level 13 in Shields
 10165 | Lair:1   | Found a runed door.
 10165 | Lair:1   | Noticed Isoivuar's ghost (novice DsFi)
 10188 | Lair:1   | Killed Isoivuar's ghost
 10864 | Lair:2   | Reached XP level 12. HP: 43/81 MP: 12/12
 10916 | Lair:2   | Noticed Urug
 10920 | Lair:2   | Killed from afar by a rime drake

Vault maps used:
D:1:      dpeg_arrival_rhombus, minmay_tetromino_t4
D:2:      nicolae_dithmenos_through_a_glass_darkly, minmay_unequal,
          uniq_sigmund, uniq_jessica
D:3:      lemuel_coloured_pillars_altar, nicolae_overflow_hidden_temple
D:4:      first_ration, nicolae_ossuary_entry_ruins
D:5:      serial_bayou_ford_a
D:6:      lemuel_crystal_altar, gup_sewer_entry_bowl, sigmund_army,
          uniq_menkaure
D:7:      minmay_temple_entry_glassed_door, serial_shops,
          nicolae_shop_behind_doors, minmay_misc_feat_chi, uniq_duvessa
D:8:      dpeg_oklobed_lair
D:9:      grunt_temple_overflow_holy_war, serial_column_ruins,
          column_ruins_square_small, column_ruins_corridor_straight,
          column_ruins_open_small, column_ruins_open_small_water,
          column_ruins_columns_straight
Temple:   nicolae_temple_elliptical
Lair:1:   gammafunk_ghost_grave, cheibrodos_lair_reptile_den
Lair:2:   bobbens_dragon_lair_wall, uniq_urug
Sewer:    sewer_co_scattered_pipes
Ossuary:  ossuary_due_small_catacomb

Skill      XL: |  1  2  3  4  5  6  7  8  9 10 11 12 |
---------------+-------------------------------------+-----
Shields        | 4 5 6 7 9 12 13 | 13.6
Long Blades    | 3 4 5 6 9 10 11 | 11.9
Maces & Flails | 1 7 8 |  8.4
Fighting       | |  3.3
Armour         | |  3.3

Action                   |  1- 3 |  4- 6 |  7- 9 | 10-12 || total
-------------------------+-------+-------+-------+-------++-------
Melee: Long sword        |   119 |   115 |   536 |   352 ||  1122
       Dagger            |       |       |     9 |       ||     9
       Great mace        |       |       |       |   117 ||   117
       Peck              |       |       |       |    90 ||    90
Throw: Javelin           |       |       |     5 |       ||     5
 Abil: Dig               |       |     2 |     6 |     7 ||    15
  Use: Scroll            |       |    13 |    12 |     1 ||    26
       Potion            |       |       |     8 |     7 ||    15
  Eat: Chunk             |       |     5 |     9 |     2 ||    16
       Ration            |       |       |     3 |     4 ||     7
Armor: Scale mail        |    45 |    31 |    28 |       ||   104
       Plate armour      |       |       |    56 |   137 ||   193
       Skin              |       |       |       |    10 ||    10
Dodge: Dodged            |    47 |    22 |    76 |    56 ||   201
Block: Shield            |    63 |    56 |   250 |   322 ||   691
       Rpst.: Long sword |     8 |    10 |    30 |     9 ||    57

Table legend:
 A = Non-vault XP
 B = Vault XP
 C = Vault XP percentage of total XP
 D = Non-vault monster count
 E = Vault monster count
 F = Vault count percentage of total count
                 A         B        C        D         E       F
            +---------+---------+-------+---------+---------+-------
      Total |   11605 |    5578 |  32.5 |     195 |      82 |  29.6
            +---------+---------+-------+---------+---------+-------
        D:1 |      44 |       5 |  10.2 |      19 |       3 |  13.6
        D:2 |     119 |     264 |  68.9 |      27 |       4 |  12.9
        D:3 |      89 |       0 |   0.0 |      24 |       0 |   0.0
        D:4 |     445 |       0 |   0.0 |      11 |       0 |   0.0
        D:5 |     544 |      43 |   7.3 |      14 |       3 |  17.6
        D:6 |    1171 |     203 |  14.8 |      23 |       5 |  17.9
        D:7 |     670 |     227 |  25.3 |      16 |       2 |  11.1
        D:8 |    1432 |       0 |   0.0 |      30 |       0 |   0.0
        D:9 |      13 |       0 |   0.0 |       1 |       0 |   0.0
     Lair:1 |    6728 |    1536 |  18.6 |      29 |       3 |   9.4
     Lair:2 |     350 |    3009 |  89.6 |       1 |      10 |  90.9
      Sewer |       0 |      56 | 100.0 |       0 |      21 | 100.0
    Ossuary |       0 |     235 | 100.0 |       0 |      31 | 100.0
            +---------+---------+-------+---------+---------+-------
